 Dungeon Crawl Stone Soup version 0.29-a0-721-g7f417c9bbb (webtiles) character file.

Game seed: 13544897835788200256

249 crusatyr the Cutter (level 5, -7/41 HPs)
             Began as a Demonspawn Monk on June 27, 2022.
             Killed by divine providence
             ... invoked by an orc priest
              (16 damage)
             ... on level 3 of the Dungeon.
             The game lasted 00:05:51 (3021 turns).

crusatyr the Cutter (Demonspawn Monk)               Turns: 3021, Time: 00:05:51

Health: -7/41      AC:  7    Str: 13    XL:     5   Next: 87%
Magic:  5/5        EV: 11    Int: 11    God:
Gold:   236        SH:  0    Dex: 16    Spells: 4/4 levels left

rFire   . . .      SeeInvis .   n - +3 dagger (venom)
rCold   + . .      Faith    .   (no shield)
rNeg    . . .      Spirit   .   b - +1 ring mail {rC+}
rPois   +          Reflect  .   (helmet restricted)
rElec   .          Harm     .   (no cloak)
rCorr   .          Rampage  .   (no gloves)
Will    .....                   (no boots)
Stlth   ++........              (no amulet)
HPRegen 0.13/turn               r - ring of poison resistance
MPRegen 0.09/turn               (no ring)

@: no status effects
A: antennae 1, foul stench 1, sharp scales 1
a: no special abilities


You were on level 3 of the Dungeon.
You visited 1 branch of the dungeon, and saw 3 of its levels.

You collected 236 gold pieces.

Inventory:

Hand Weapons
 a - a +0 short sword
 m - a +3 dagger of freezing
 n - a +3 dagger of venom (weapon)
Missiles
 p - 2 throwing nets (quivered)
Armour
 b - a +1 ring mail of cold resistance (worn)
 q - a +0 helmet
Jewellery
 l - a ring of wizardry
 r - a ring of poison resistance (left hand)
 t - a +6 ring of dexterity
 u - a +4 ring of protection
Scrolls
 d - a scroll of silence {unknown}
 e - 2 scrolls of identify {unknown}
 i - a scroll of teleportation {unknown}
 k - a scroll of enchant armour {unknown}
 o - a scroll of blinking {unknown}
 s - 2 scrolls of amnesia {unknown}
Potions
 c - a potion of ambrosia
 f - 2 potions of degeneration {unknown}
 g - a potion of heal wounds {unknown}
 h - 3 potions of curing {unknown}
 j - a potion of resistance {unknown}


   Skills:
 - Level 3.0 Fighting
 * Level 5.2 Short Blades
 - Level 2.6 Dodging
 + Level 3.7 Stealth


You had 4 spell levels left.
You didn't know any spells.
Your spell library contained the following spells:

 Spells                   Type           Power      Damage    Failure   Level
 Freeze                   Ice            0%         1d3       61%         1
 Sublimation of Blood     Necr           0%         N/A       75%         2
 Wereblood                Tmut           0%         N/A       75%         2
 Irradiate                Conj/Tmut      0%         3d13      100%        5
 Metabolic Englaciation   Hex/Ice        0%         N/A       100%        5
 Summon Hydra             Summ           0%         N/A       100%        7


Dungeon Overview and Level Annotations

Branches:
Dungeon (3/15)

Altars:
Ashenzari
Elyvilon

Shops:
D:1 *

Annotations:
D:2 Sigmund


Innate Abilities, Weirdness & Mutations

You have a pair of small antennae on your head.
You may rarely emit foul miasma when damaged in melee.
You are partially covered in razor-sharp scales. (AC +1, Slay +1)


Message History

The orc priest hits you with a +0 dagger.
You hit the orc priest but do no damage.
The orc priest looks even sicker.
The orc priest is moderately wounded.
The orc priest calls upon Beogh to heal the orc priest.
The orc priest's wounds heal themselves!
The orc priest calls down the wrath of Beogh upon you.
You barely resist. You barely miss the orc priest.
You hit the orc priest but do no damage.
The orc priest looks as sick as possible!
The orc priest casts a cantrip, but nothing happens.
The orc priest hits you but does no damage.
You closely miss the orc priest.
The orc priest is lightly wounded.
The orc attacks as you move away! The orc closely misses you.
The orc priest hits you with a +0 dagger of protection.
The orc priest calls down the wrath of Beogh upon you.
Beogh smites you!
You see here a +0 flail.
You hit the orc priest but do no damage.
You kill the orc priest!
The orc priest casts a cantrip, but nothing happens.
The orc barely misses you.
You hit the orc priest.
The orc priest is poisoned.
The orc priest is moderately wounded.
You hit the orc priest but do no damage.
The orc priest looks as sick as possible!
The orc priest is moderately wounded.
The orc priest calls down the wrath of Beogh upon you.
Pain shoots through your body!
* * * LOW HITPOINT WARNING * * *
The orc hits you with a +0 club.
* * * LOW HITPOINT WARNING * * *
You hit the orc priest but do no damage.
The orc priest looks as sick as possible!
The orc priest is moderately wounded.
The orc priest mumbles some strange prayers to Beogh against you.
Beogh smites you!
You die...

#.#.#.# .....# #.# ##..# ....# #
##..# #.# ###..## #...# ##..#
#.#####...### #.#.# ##...#
#............ #.#
....####..###)...... . #
##.......#.........
#######.#####.#..........#.......
....(..........)o#..#....########
###..##.>..##<##@##..###.##
####....##... ##o###.# #..##
...####......##..# #.# #.[.#
##.... ##...o..## #.# #...###
#.........######.####....##
.....####'..........#...# .#.#
#...#..........##..# ..
#._.#....##....###.### .
#...#....####### #....


You could see an orc priest (extremely poisoned) and an orc.

Vanquished Creatures
  An orc priest (D:3)
  2 orc wizards (D:3)
  Robin (D:2)
  8 gnolls (D:2)
  An adder (D:2)
  A worm (D:2)
  7 orcs (D:3)
  6 ball pythons
  2 endoplasms (D:3)
  A giant cockroach (D:2)
  12 goblins
  8 hobgoblins
  6 kobolds
  A quokka (D:1)
  5 bats
  3 frilled lizards
  5 rats
70 creatures vanquished.

Notes
Turn   | Place    | Note
-------+----------+-------------------------------------------
     0 | D:1      | crusatyr the Demonspawn Monk began the quest for the Orb.
     0 | D:1      | Reached XP level 1. HP: 18/18 MP: 1/1
   143 | D:1      | Reached skill level 3 in Short Blades
   410 | D:1      | Gained mutation: You are partially covered in razor-sharp
                  | scales. (AC +1, Slay +1) [demonic ancestry]
   410 | D:1      | Reached XP level 2. HP: 24/24 MP: 2/2
   468 | D:1      | Found Xowir's General Store.
  1126 | D:2      | Noticed Robin
  1126 | D:2      | Found a faded altar of an unknown god.
  1186 | D:2      | Got the Grimoire of the Snowflakes and Moulding
  1247 | D:2      | Gained mutation: You may rarely emit foul miasma when
                  | damaged in melee. [demonic ancestry]
  1247 | D:2      | Reached XP level 3. HP: 24/29 MP: 3/3
  1275 | D:2      | Killed Robin
  1299 | D:2      | Reached skill level 4 in Short Blades
  1299 | D:2      | Reached XP level 4. HP: 15/35 MP: 4/4
  1610 | D:2      | Noticed a floating eye
  1630 | D:2      | Noticed Sigmund
  1643 | D:2      | Noticed a shining eye
  1648 | D:2      | Noticed a shining eye
  1765 | D:2      | Noticed a floating eye
  2279 | D:2      | Gained mutation: You have a pair of small antennae on your
                  | head. [demonic ancestry]
  2279 | D:2      | Reached XP level 5. HP: 41/41 MP: 5/5
  2795 | D:3      | Reached skill level 5 in Short Blades
  2979 | D:3      | Found a broken altar of Ashenzari.
  3021 | D:3      | Killed from afar by an orc priest

Illustrated notes

Levels and vault maps discovered:
D:1:      minmay_arrival_four_houses, layout_loops_ring, serial_shops,
          nicolae_shop_behind_doors
D:2:      minmay_wonky_spiral, layout_basic,
          hellmonk_ecumenical_altar_watching_god, uniq_sigmund, uniq_robin
D:3:      layout_rooms, mainiacjoe_overflow_divided_tiny

Skill      XL: |  1  2  3  4  5 |
---------------+----------------+-----
Short Blades   | 3 4 5 |  5.2
Stealth        | 2 3 |  3.7
Fighting       | |  3.0
Dodging        | |  2.6

Action                   |  1- 3 |  4- 6 || total
-------------------------+-------+-------++-------
Melee: Dagger            |    48 |   109 ||   157
       Short sword       |    64 |       ||    64
       Punch             |       |     2 ||     2
 Stab: Sleeping          |     2 |     2 ||     4
       Distracted        |       |     1 ||     1
Armor: Robe              |     9 |       ||     9
       Ring mail         |    15 |    31 ||    46
       Leather armour    |     1 |       ||     1
Dodge: Dodged            |    72 |    45 ||   117

Table legend: (Time is in decaauts)
 A = Elapsed time spent in this place.
 B = Non-inter-level travel time spent in this place.
 C = Inter-level travel time spent in this place.
 D = Time resting spent in this place.
 E = Time spent auto-exploring this place.
 F = Levels seen in this place.
 G = Mean time per level.
                   A        B        C        D        E       F      G
               +--------+--------+--------+--------+--------+-----+--------+
         Total |   2981 |   2878 |    103 |    496 |   1727 |   3 |  993.7 |
       Dungeon |   2981 |   2878 |    103 |    496 |   1727 |   3 |  993.7 |
               +--------+--------+--------+--------+--------+-----+--------+

Top non-repeatable levels by time:
     D:2: 1340 daAuts
     D:1: 1173 daAuts
     D:3: 468 daAuts
